 Dungeon Crawl Stone Soup version 0.28-a0-771-g91a516d0e7 (webtiles) character file.

Game seed: 10261924783260383978

2 jhvdj the Sneak (level 1, -1/9 HPs)
             Began as a Spriggan Enchanter on Nov 1, 2021.
             Slain by a quokka (5 damage)
             ... on level 1 of the Dungeon.
             The game lasted 00:00:29 (110 turns).

jhvdj the Sneak (Spriggan Enchanter)                 Turns: 110, Time: 00:00:30

Health: -1/9       AC:  2    Str:  4    XL:     1   Next: 33%
Magic:  5/5        EV: 17    Int: 16    God:
Gold:   4          SH:  0    Dex: 15    Spells: 5/5 levels left

rFire   . . .      SeeInvis +   a - +1 dagger
rCold   . . .      Faith    .   (shield restricted)
rNeg    . . .      Spirit   .   b - +0 robe
rPois   .          Reflect  .   (helmet restricted)
rElec   .          Harm     .   (no cloak)
rCorr   .          Rampage  .   (gloves unavailable)
Will    .....                   (boots unavailable)
Stlth   +++.......              (no amulet)
HPRegen 0.03/turn               (no ring)
MPRegen 0.09/turn               (no ring)

@: very slightly contaminated, invisible, very quick
A: very small, no large weapons, unfitting armour, see invisible, speed 3
a: no special abilities


You were on level 1 of the Dungeon.
You visited 1 branch of the dungeon, and saw 1 of its levels.

You collected 4 gold pieces.

Inventory:

Hand Weapons
 a - a +1 dagger (weapon)
Armour
 b - a +0 robe (worn)


   Skills:
 - Level 1.1 Short Blades
 - Level 2.6 Dodging
 - Level 4.4 Stealth
 + Level 2.8 Spellcasting
 + Level 3.7 Hexes


You had 5 spell levels left.
You didn't know any spells.
Your spell library contained the following spells:

 Spells                   Type           Power      Damage    Failure   Level
 Confusing Touch          Hex            14%        N/A       12%         3
 Tukima's Dance           Hex            14%        N/A       12%         3
 Ensorcelled Hibernation  Hex/Ice        16%        N/A       13%         2
 Dazzling Flash           Conj/Hex       16%        N/A       26%         3


Dungeon Overview and Level Annotations

Branches:
Dungeon (1/15)

Altars:


Innate Abilities, Weirdness & Mutations

You are very small and have problems with some larger weapons.
You are too small for most types of armour.
You have supernaturally acute eyesight. (SInv)
You cover ground extremely quickly. (Speed+++)


Message History

No target in view!
No target in view!
No target in view!
HP restored.
You now have 4 gold pieces.
Found a stone staircase leading down.
A quokka comes into view.
A bat comes into view.
Found a scroll labelled XESUGEN ZUF.
A ball python comes into view.
The bat hits you but does no damage. The bat barely misses you.
You miss the bat. The bat completely misses you.
You completely miss the quokka. The bat completely misses you.
The quokka barely misses you. The bat misses you.
The bat completely misses you. The bat closely misses you.
The quokka bites you.
You miss the quokka. The bat hits you. The bat closely misses you.
The quokka completely misses you. The bat closely misses you.
You are too injured to fight recklessly!
You are too injured to fight recklessly!
You fade into invisibility!
The bat misses you.
You are very lightly contaminated with residual magic.
You hit the bat.
The bat is moderately wounded.
The bat misses you.
You hit the bat.
You kill the bat!
You are too injured to fight recklessly!
You are too injured to fight recklessly!
You are too injured to fight recklessly!
You hit the ball python.
You kill the ball python!
You hit the quokka but do no damage. The quokka barely misses you.
The quokka closely misses you.
You barely miss the quokka. The quokka bites you.
Ouch! That really hurt!
You die...

### ## .#. #.. ..# ... #.# ..
#.. #.# #. #####.. #.# #.#
....... #.# #.. ....... #.#
#†## .......#######.#### #..#
......>....r@.....## ##.####
...?..##...######..#####.....
..... #...# ##...........
.... #...# #..#####'### ###
#...# #..#PPP#.#PP #...#
#..#P⌠P#.#P⌠ #####
#..#PPP#.#PP #..#####.###
#..+....<...


You could see a quokka.

Vanquished Creatures
  A hobgoblin (D:1)
  A ball python (D:1)
  A bat (D:1)
3 creatures vanquished.

Notes
Turn   | Place    | Note
-------+----------+-------------------------------------------
     0 | D:1      | jhvdj the Spriggan Enchanter began the quest for the Orb.
     0 | D:1      | Reached XP level 1. HP: 9/9 MP: 5/5
   110 | D:1      | Slain by a quokka

Illustrated notes

Levels and vault maps discovered:
D:1:      beargit_arrival_greenhouse, layout_basic, serial_shops, shop,
          minmay_lizard_pond

Action                   || total
-------------------------++-------
Melee: Dagger            ||    19
  Use: Potion            ||     1
Armor: Robe              ||     2
Dodge: Dodged            ||    22

Table legend: (Time is in decaauts)
 A = Elapsed time spent in this place.
 B = Non-inter-level travel time spent in this place.
 C = Inter-level travel time spent in this place.
 D = Time resting spent in this place.
 E = Time spent auto-exploring this place.
 F = Levels seen in this place.
 G = Mean time per level.
                   A        B        C        D        E       F      G
               +--------+--------+--------+--------+--------+-----+--------+
         Total |     79 |     79 |      0 |      0 |     49 |   1 |   79.0 |
       Dungeon |     79 |     79 |      0 |      0 |     49 |   1 |   79.0 |
               +--------+--------+--------+--------+--------+-----+--------+

Top non-repeatable levels by time:
     D:1: 79 daAuts
